Map: Shrines of Lizul

Players

Loken - Winner!

  • Race: Protoss Protoss
  • League: Platinum
  • Spawn Location: 6:00

dallaskuken - Winner!

  • Race: Protoss Protoss
  • League: Platinum
  • Spawn Location: 9:00

Sniper

  • Race: Protoss Protoss
  • Spawn Location: 3:00

Safari

  • Race: Zerg Zerg
  • League: Diamond
  • Spawn Location: 12:00

VOD

Have the link to the VOD?

Description

Time

  • Played on: April 6, 2017, 8:11 a.m.
  • Length: 11:23
Show
View Real Time Build Order
Export as new Build Order

Loken Protoss - Winner!

Build Orders:  

Get SALT Encoding   

  12  0:02  Probe (Chrono Boost)  
  13  0:12  Probe (Chrono Boost)  
  14  0:24  Pylon  
  14  0:27  Probe (Chrono Boost)  
  15  0:42  Probe (Chrono Boost)  
  16  0:46  Gateway  
  16  0:53  Probe (Chrono Boost)  
  17  1:03  Probe (Chrono Boost)  
  18  1:06  Gateway  
  18  1:11  Pylon  
  18  1:15  Probe (Chrono Boost)  
  18  1:16  Assimilator  
  19  1:25  Probe (Chrono Boost)  
  20  1:36  Cybernetics Core  
  20  1:43  Probe (Chrono Boost)  
  20  1:45  Assimilator  
  20  1:46  Zealot  
  24  1:54  Probe (Chrono Boost)  
  24  1:59  Zealot  
  26  2:04  Probe (Chrono Boost)  
  27  2:12  Warp Gate  
  27  2:15  Stalker  
  29  2:19  Probe (Chrono Boost)  
  30  2:31  Pylon  
  30  2:37  Pylon  
  30  2:49  Stalker x2  
  36  2:52  Mothership Core (Chrono Boost)  
  36  3:19  Stalker x2  
  40  3:48  Nexus  
  40  3:50  Pylon  
  40  3:53  Stalker x2  
  44  3:58  Probe (Chrono Boost)  
  45  4:09  Probe (Chrono Boost)  
  46  4:10  Robotics Facility  
  46  4:19  Probe (Chrono Boost)  
  47  4:29  Gateway  
  47  4:33  Gateway  
  48  4:38  Probe (Chrono Boost)  
  48  4:45  Sentry x2  
  52  4:49  Probe (Chrono Boost)  
  53  4:56  Pylon  
  53  5:13  Probe x2 (Chrono Boost)  
  55  5:18  Observer  
  56  5:24  Probe x2 (Chrono Boost)  
  58  5:30  Assimilator  
  58  5:32  Assimilator  
  58  5:34  Probe x2 (Chrono Boost)  
  60  5:36  Zealot x2  
  60  5:37  Zealot  
  66  6:00  Pylon  
  66  6:01  Stalker x2  
  66  6:03  Stalker  
  72  6:04  Stalker  
  74  6:31  Probe x2 (Chrono Boost)  
  76  6:33  Stalker x2  
  76  6:34  Stalker x2  
  76  6:38  Pylon  
  84  6:41  Probe x2 (Chrono Boost)  
  86  6:53  Pylon  
  86  6:56  Probe (Chrono Boost), Immortal  
  86  6:57  Pylon  
  91  7:16  Robotics Bay  
  91  7:38  Stalker x2  
  91  7:39  Stalker x2  
  99  7:45  Immortal  
  103  7:51  Robotics Facility  
  103  8:04  Pylon  
  103  8:05  Pylon  
  103  8:10  Pylon  
  103  8:12  Pylon, Probe x2 (Chrono Boost)  
  105  8:17  Forge  
  105  8:20  Forge  
  105  8:22  Probe (Chrono Boost)  
  106  8:34  Stalker x3  
  106  8:35  Stalker  
  114  8:53  Probe x2 (Chrono Boost)  
  114  8:55  Protoss Ground Weapons Level 1, Protoss Shields Level 1  
  116  9:00  Forge  
  116  9:05  Pylon  
  116  9:20  Immortal x2  
  124  9:26  Observer Gravitic Boosters  
  98  9:56  Stalker x4  
  98  10:32  Immortal x2  
  98  10:33  Stalker x3  
  98  10:34  Stalker  
Show
View Real Time Build Order
Export as new Build Order

dallaskuken Protoss - Winner!

Build Orders: 1 Gate Expand 

Get SALT Encoding   

  12  0:02  Probe (Chrono Boost)  
  13  0:12  Probe (Chrono Boost)  
  14  0:23  Probe (Chrono Boost)  
  15  0:34  Pylon  
  15  0:52  Gateway  
  15  0:56  Probe (Chrono Boost)  
  16  1:08  Nexus  
  16  1:11  Probe (Chrono Boost)  
  17  1:20  Assimilator  
  17  1:24  Probe (Chrono Boost)  
  18  1:35  Probe (Chrono Boost)  
  19  1:42  Cybernetics Core  
  19  1:46  Probe (Chrono Boost)  
  20  1:47  Assimilator  
  20  1:55  Pylon  
  20  1:56  Probe (Chrono Boost)  
  21  2:07  Probe (Chrono Boost)  
  22  2:17  Probe (Chrono Boost)  
  22  2:18  Warp Gate  
  22  2:20  Probe (Chrono Boost)  
  24  2:27  Adept  
  24  2:28  Probe (Chrono Boost)  
  27  2:31  Probe (Chrono Boost)  
  28  2:38  Probe (Chrono Boost)  
  28  2:41  Probe (Chrono Boost)  
  30  2:49  Probe (Chrono Boost)  
  30  2:51  Pylon  
  31  2:52  Probe (Chrono Boost)  
  31  2:57  Adept  
  34  3:00  Mothership Core (Chrono Boost)  
  36  3:08  Probe (Chrono Boost)  
  37  3:16  Stargate  
  37  3:18  Probe (Chrono Boost)  
  38  3:24  Pylon  
  38  3:29  Forge  
  38  3:33  Probe (Chrono Boost)  
  39  3:37  Assimilator  
  39  3:39  Stalker, Assimilator  
  41  3:43  Probe (Chrono Boost)  
  42  3:52  Pylon  
  42  3:54  Probe (Chrono Boost)  
  43  4:00  Oracle  
  46  4:05  Probe (Chrono Boost)  
  47  4:15  Probe (Chrono Boost)  
  47  4:16  Probe (Chrono Boost)  
  49  4:26  Probe (Chrono Boost)  
  49  4:27  Probe (Chrono Boost)  
  49  4:28  Photon Cannon  
  51  4:36  Probe (Chrono Boost)  
  51  4:37  Probe (Chrono Boost)  
  53  4:47  Probe (Chrono Boost)  
  53  4:48  Probe (Chrono Boost)  
  53  4:52  Stargate  
  55  4:55  Stargate  
  55  4:57  Probe (Chrono Boost)  
  56  5:08  Probe (Chrono Boost)  
  54  5:27  Gateway, Fleet Beacon  
  54  5:28  Pylon  
  54  5:37  Void Ray  
  54  5:38  Void Ray  
  59  5:46  Void Ray  
  59  5:47  Pylon  
  59  5:48  Pylon  
  63  6:13  Nexus  
  63  6:15  Pylon  
  63  6:17  Pylon  
  63  6:18  Pylon  
  63  6:20  Carrier  
  63  6:23  Assimilator  
  69  6:25  Assimilator  
  69  6:27  Protoss Air Weapons Level 1  
  69  6:38  Carrier  
  75  6:45  Probe (Chrono Boost)  
  76  6:56  Probe (Chrono Boost)  
  76  6:57  Probe (Chrono Boost)  
  78  7:04  Carrier  
  78  7:06  Probe (Chrono Boost)  
  78  7:08  Probe (Chrono Boost)  
  86  7:16  Protoss Shields Level 1  
  86  7:17  Probe (Chrono Boost)  
  86  7:18  Probe (Chrono Boost)  
  88  7:27  Probe (Chrono Boost)  
  88  7:28  Probe (Chrono Boost)  
  88  7:29  Probe (Chrono Boost)  
  91  7:37  Probe (Chrono Boost)  
  91  7:38  Probe (Chrono Boost)  
  91  7:39  Probe (Chrono Boost)  
  94  7:45  Carrier  
  94  7:48  Probe (Chrono Boost)  
  107  7:58  Probe (Chrono Boost)  
  107  8:00  Photon Cannon  
  107  8:01  Photon Cannon  
  107  8:03  Photon Cannon  
  108  8:07  Photon Cannon, Protoss Air Weapons Level 2  
  108  8:09  Carrier, Probe (Chrono Boost)  
  116  8:20  Probe (Chrono Boost)  
  116  8:25  Pylon  
  116  8:26  Pylon  
  116  8:27  Pylon  
  116  8:40  Carrier  
  122  8:57  Sentry x2  
  126  9:11  Carrier  
  126  9:12  Cybernetics Core  
  132  9:43  Carrier  
Show
View Real Time Build Order
Export as new Build Order

Sniper Protoss 

Build Orders: Nexus First 

Get SALT Encoding   

  12  0:02  Probe (Chrono Boost)  
  13  0:12  Probe (Chrono Boost)  
  14  0:25  Pylon  
  14  0:26  Probe (Chrono Boost)  
  15  0:57  Nexus  
  15  1:07  Gateway  
  15  1:13  Probe (Chrono Boost)  
  16  1:24  Probe (Chrono Boost)  
  17  1:28  Forge  
  17  1:36  Assimilator  
  17  1:42  Assimilator  
  17  1:51  Pylon  
  17  1:56  Cybernetics Core  
  17  2:00  Probe (Chrono Boost)  
  18  2:10  Probe (Chrono Boost)  
  18  2:11  Probe (Chrono Boost)  
  20  2:21  Probe (Chrono Boost)  
  21  2:22  Photon Cannon  
  21  2:30  Pylon  
  21  2:34  Probe (Chrono Boost)  
  22  2:46  Photon Cannon  
  22  2:53  Probe (Chrono Boost)  
  22  2:56  Photon Cannon  
  23  3:07  Stargate  
  24  3:12  Probe (Chrono Boost)  
  24  3:22  Photon Cannon  
  24  3:23  Probe (Chrono Boost)  
  25  3:35  Stargate  
  25  3:46  Photon Cannon  
  25  3:57  Void Ray  
  25  3:58  Assimilator  
  31  4:24  Mothership Core (Chrono Boost)  
  31  4:25  Probe (Chrono Boost)  
  32  4:31  Assimilator  
  32  4:35  Probe (Chrono Boost)  
  33  4:40  Void Ray  
  33  4:46  Probe (Chrono Boost)  
  38  4:56  Probe (Chrono Boost)  
  39  5:06  Pylon  
  40  5:07  Probe (Chrono Boost)  
  40  5:13  Void Ray  
  40  5:18  Probe (Chrono Boost)  
  45  5:31  Probe (Chrono Boost)  
  45  5:33  Void Ray  
  51  5:43  Probe (Chrono Boost)  
  51  5:54  Photon Cannon  
  51  5:55  Probe (Chrono Boost)  
  52  5:58  Void Ray  
  56  6:07  Probe (Chrono Boost)  
  57  6:11  Pylon  
  57  6:18  Void Ray  
  58  6:19  Probe (Chrono Boost)  
  62  6:31  Probe (Chrono Boost)  
  63  6:35  Pylon  
  63  6:43  Probe (Chrono Boost)  
  63  6:44  Stargate  
  64  6:53  Protoss Air Weapons Level 1  
  65  6:55  Probe (Chrono Boost)  
  65  7:02  Fleet Beacon  
  65  7:08  Probe (Chrono Boost)  
  66  7:20  Probe (Chrono Boost)  
  67  7:29  Void Ray, Nexus  
  67  7:32  Probe (Chrono Boost)  
  73  7:45  Probe (Chrono Boost)  
  73  7:48  Pylon  
  73  7:52  Assimilator  
  73  7:55  Assimilator  
  73  7:57  Probe (Chrono Boost)  
  74  8:05  Carrier  
  74  8:09  Probe (Chrono Boost)  
  74  8:10  Pylon  
  81  8:27  Pylon  
  87  8:41  Carrier, Void Ray  
  91  8:50  Pylon  
  97  9:01  Stargate  
  97  9:20  Pylon  
  97  9:24  Carrier  
  97  9:30  Graviton Catapult  
  103  9:40  Void Ray  
  107  9:50  Photon Cannon  
  107  10:04  Void Ray  
Show
View Real Time Build Order
Export as new Build Order

Safari Zerg 

Build Orders: Hatch First 

Get SALT Encoding   

  12  0:04  Drone  
  13  0:10  Drone  
  14  0:30  Overlord  
  14  0:46  Hatchery  
  13  0:50  Drone  
  13  0:51  Drone  
  15  1:07  Spawning Pool  
  14  1:12  Drone  
  14  1:15  Drone  
  16  1:18  Extractor  
  16  1:24  Drone  
  16  1:39  Drone x2  
  18  1:45  Drone  
  19  2:01  Hatchery  
  19  2:05  Drone  
  19  2:11  Drone  
  19  2:12  Extractor  
  19  2:30  Spine Crawler  
  19  2:33  Spine Crawler  
  19  2:36  Drone x3  
  20  2:49  Lair  
  20  2:59  Drone  
  21  3:08  Queen  
  23  3:16  Drone  
  23  3:18  Drone  
  25  3:31  Spore Crawler  
  24  3:40  Spore Crawler  
  23  3:49  Metabolic Boost  
  23  3:51  Drone x2  
  23  3:52  Drone  
  23  3:54  Overlord  
  26  4:17  Queen  
  26  4:18  Spore Crawler  
  26  4:19  Queen  
  29  4:30  Evolution Chamber  
  28  4:37  Overseer  
  28  4:44  Zergling x6  
  28  4:45  Zergling x4  
  33  4:48  Drone  
  33  5:01  Drone  
  33  5:04  Drone x3  
  31  5:10  Drone x2  
  33  5:18  Zerg Melee Weapons Level 1  
  32  5:51  Zergling x4  
  32  5:52  Zergling x8  
  34  6:03  Baneling Nest, Overlord x2  
  34  6:04  Overlord  
  33  6:15  Zergling x2  
  33  6:17  Overlord  
  34  6:24  Zergling x4  
  34  6:25  Zergling x4  
  38  6:29  Drone x2  
  40  6:37  Drone  
  40  6:38  Drone  
  40  7:08  Drone x3  
  40  7:09  Drone x5  
  40  7:10  Drone  
  48  7:28  Zergling x8  
  48  7:29  Zergling x12  
  58  7:32  Baneling x3  
  58  7:34  Baneling  
  58  7:35  Baneling  
  58  7:39  Baneling x3  
  58  7:40  Baneling  
  58  7:53  Overlord x3  
  58  7:58  Centrifical Hooks  
  58  8:09  Extractor x2  
  56  8:28  Zergling x14  
  56  8:29  Zergling x8  
  67  8:38  Zergling x8  
  71  8:47  Baneling x7  
  71  8:49  Zergling x2  
  72  9:03  Spire  
  71  9:16  Drone x5  
  76  9:26  Drone x4  
  64  9:50  Zergling x18  
  55  10:00  Overseer x4  
  56  10:07  Zergling x2  
  43  10:35  Overlord, Corruptor  
  43  10:36  Corruptor x5  
Tags
 
Add a new tag
Caveats
  • Supply blocks, unpowered buildings, or Contaminate may cause inaccurate times.
  • Supply counts are checked every 10 seconds.